 Dungeon Crawl Stone Soup version 0.32-a0-886-g41c5271027 (webtiles) character file.

Game seed: 12712111625233842409

443 ragingrage the Ruffian (level 6, -2/43 HPs)
             Began as a Barachi Shapeshifter on Apr 2, 2024.
             Was a Follower of Ru.
             Slain by Pikel
             ... wielding a +1 whip of flaming
              (4 damage)
             ... on level 4 of the Dungeon.
             The game lasted 00:03:40 (3183 turns).

ragingrage the Ruffian (Barachi Shapeshifter)       Turns: 3183, Time: 00:03:41

Health: -2/43      AC:  2    Str: 15    XL:     6   Next: 2%
Magic:  6/6        EV: 11    Int: 11    God:    Ru [*.....]
Gold:   98         SH:  0    Dex: 13    Spells: 5/5 levels left

rFire   . . .        b - +2 dagger (venom)
rCold   . . .        (no shield)
rNeg    . . .        a - +0 animal skin
rPois   .            (helmet currently unavailable)
rElec   .            (cloak currently unavailable)
rCorr   .            (gloves currently unavailable)
SInv    .            (boots currently unavailable)
Will    .....        (no amulet)
Stlth   ++           (no ring)
HPRegen 0.27/turn    (no ring)
MPRegen 0.10/turn

%: no passive effects
@: beast-form, slow
A: beast (slay +1), amphibious, slowness 1, inexperienced 1, strong legs 1, +LOS
a: Hop, Begin Untransformation, Renounce Religion


You were on level 4 of the Dungeon.
You worshipped Ru.
Ru was aware of your devotion.
You were a hulking beast.
You visited 1 branch of the dungeon, and saw 4 of its levels.

You collected 98 gold pieces.

Inventory:

Hand Weapons
 b - a +2 dagger of venom (weapon)
 t - the +6 mace of Ashenzari's Envy {freeze, Dex+2}
   (You found it on level 4 of the Dungeon)

   Dex+2:     It affects your dexterity (+2).
Missiles
 e - 3 javelins (quivered)
Armour
 a - a +0 animal skin (worn)
 r - the +0 helmet of the Spheres {Rampage Dex+3 Stlth+}
   (You found it on level 3 of the Dungeon)

   Dex+3:     It affects your dexterity (+3).
   Rampage:   It bestows one free step when moving towards enemies.
   Stlth+:    It makes you more stealthy.
Talismans
 c - a beast talisman (active)
 d - a flux talisman
 n - a blade talisman
Scrolls
 g - 5 scrolls of identify {unknown}
 k - 2 scrolls of teleportation {unknown}
 l - a scroll of enchant armour {unknown}
 m - a scroll of vulnerability {unknown}
 q - 2 scrolls of fog {unknown}
 s - a scroll of noise {unknown}
Potions
 f - a potion of degeneration {unknown}
 h - a potion of invisibility {unknown}
 i - 2 potions of lignification
 j - a potion of attraction {unknown}
 o - a potion of magic {unknown}
 p - 2 potions of experience {unknown}


   Skills:
 - Level 1.2 Fighting
 - Level 2.8 Short Blades
 - Level 2.1 Dodging
 - Level 2.0 Stealth
 + Level 7.3 Unarmed Combat
 - Level 3.2 Shapeshifting


You had 5 spell levels left.
You didn't know any spells.
Your spell library was empty.

Dungeon Overview and Level Annotations

Branches:
Dungeon (4/15)
 Temple: D:4-7

Altars:
Dithmenos
Elyvilon
Gozag
Hepliaklqana
Ru

Annotations:
D:4 Menkaure, Pikel


Innate Abilities, Weirdness & Mutations

You are a hulking beast.
Your limbs bulge with bestial killing power. (Slay +1)
You are amphibious.
You cover ground slowly.
You are somewhat inexperienced. (-1 XL)
You can hop short distances.
You have an extended range of vision and can be seen from far away.


Message History

A kobold comes into view. It is wielding a staff of cold.
A kobold is nearby!
Your +2 dagger of venom begins to drip with poison!
b - a +2 dagger of venom (weapon)
The kobold shouts!
You hit the kobold.
The kobold is poisoned.
The kobold hits you but does no damage.
You hit the kobold.
You kill the kobold!
Things that are here:
a staff of cold; 4 stones; a kobold corpse You throw a javelin.
Pikel shouts!
The javelin pierces through Pikel!
You hear a shout!
You throw a javelin. The javelin closely misses Pikel.
A kobold comes into view.
It is wielding a +0 club and quivering poisoned darts.
You throw a javelin. The javelin pierces through Pikel.
Your +2 dagger of venom stops dripping with poison.
You are now empty-handed.
Your +2 dagger of venom begins to drip with poison!
b - a +2 dagger of venom (weapon)
You closely miss Pikel.
Pikel hits you with a +1 whip of flaming!
Pikel burns you.
You hit Pikel.
Pikel hits you with a +1 whip of flaming!
Pikel burns you.
You hit Pikel.
Pikel is poisoned.
A hound comes into view.
Pikel hits you with a +1 whip of flaming.
Pikel burns you.
The hound barks!
You hit Pikel.
Pikel looks as sick as possible!
Pikel hits you with a +1 whip of flaming!
* * * LOW HITPOINT WARNING * * *
Pikel burns you.
You die...
Pikel says, "Another soul for the market."
Ru respects your ultimate sacrifice.

# #...PP♣♣.♣♣.P..##.##.#..
##.#+#~~......P~~###.#.....
.......≈~.P♣♣♣P.~~###.###..#
..^.....#...#.........####..
............|...............
###########.################
#.####### # #.#.....# #
#h#.###.# ###### #K#.#...#
#..... ######5#.#.### #.....
#......#.#<.######.....
#......#.#.............
#.........#.#..######.....
.....5.?.h#......# #.....
...5......###....# #.....
(K.(...(..###########.....


You could see Pikel (extremely poisoned), a lemure and a hound.

Vanquished Creatures
  A black bear (D:4)
  An ogre (D:4)
  A lemure (D:4)
  A scorpion (D:4)
  A hound (D:4)
  An iguana (D:4)
  6 adders
  3 dart slugs
  A ribbon worm (D:3)
  5 orcs (D:4)
  9 endoplasms
  4 giant cockroaches
  5 goblins
  6 hobgoblins
  7 kobolds
  4 quokkas
  6 ball pythons
  5 bats
  11 rats
78 creatures vanquished.

Vanquished Creatures (others)
  An adder (D:2)
  An endoplasm (D:4)
  A butterfly (D:4)
3 creatures vanquished.

Grand Total: 81 creatures vanquished

Notes
Turn   | Place    | Note
-------+----------+-------------------------------------------
     0 | D:1      | ragingrage the Barachi Shapeshifter began the quest for the
                  | Orb.
     0 | D:1      | Reached XP level 1. HP: 15/15 MP: 1/1
   277 | D:1      | Reached XP level 2. HP: 21/21 MP: 2/2
   442 | D:1      | Reached skill level 1 in Stealth
   850 | D:2      | Found a faded altar of an unknown god.
   867 | D:2      | Reached skill level 1 in Short Blades
   867 | D:2      | Reached XP level 3. HP: 15/26 MP: 3/3
   950 | D:2      | Prayed at the altar of an unknown god.
   950 | D:2      | Became a worshipper of Ru the Awakened
   954 | D:2      | Gained mutation: You are somewhat inexperienced. (-1 XL)
                  | [Ru sacrifice]
   954 | D:2      | Reached XP level 2. HP: 21/21 MP: 2/2
   954 | D:2      | Reached * piety under Ru
  1034 | D:2      | Reached XP level 3. HP: 15/26 MP: 3/3
  1425 | D:2      | Reached skill level 4 in Unarmed Combat
  1463 | D:2      | Found a hazy altar of Hepliaklqana.
  1759 | D:3      | Found an opulent altar of Gozag.
  1780 | D:3      | Found a shadowy altar of Dithmenos.
  1820 | D:3      | Identified the +0 helmet of the Spheres {Rampage Dex+3
                  | Stlth+}
  1916 | D:3      | Reached XP level 4. HP: 32/32 MP: 4/4
  2549 | D:4      | Noticed an ogre
  2556 | D:4      | Killed an ogre
  2557 | D:4      | Reached skill level 5 in Unarmed Combat
  2636 | D:4      | Reached skill level 6 in Unarmed Combat
  2636 | D:4      | Reached XP level 5. HP: 33/37 MP: 5/5
  2742 | D:4      | Found a white marble altar of Elyvilon.
  2747 | D:4      | Noticed Menkaure
  2783 | D:4      | Noticed Pikel
  2921 | D:4      | Noticed a black bear
  3047 | D:4      | Killed a black bear
  3048 | D:4      | Reached skill level 7 in Unarmed Combat
  3048 | D:4      | Reached XP level 6. HP: 31/43 MP: 6/6
  3098 | D:4      | Identified the +6 mace of Ashenzari's Envy {freeze, Dex+2}
  3183 | D:4      | HP: 2/43 [Pikel/+1 whip of flaming (12)]
  3183 | D:4      | Slain by Pikel

Illustrated notes

Levels and vault maps discovered:
D:1:      lightli_arrival_quake, layout_loops_ring,
          chequers_serial_rivers_small_b, patterned_corridor
D:2:      layout_rooms, basic_ecumenical_altar, basic_altar
D:3:      layout_basic, mainiacjoe_overflow_catwalk_spiral, minivault_23
D:4:      layout_basic, nicolae_elyvilon_peaceful_grove,
          kennysheep_generic_room_13, uniq_crazy_yiuf_cottage, uniq_pikel,
          uniq_menkaure

Skill      XL: |  1  2  3  4  5 |
---------------+----------------+-----
Stealth        | 2 |  2.0
Short Blades   | 2 |  2.8
Unarmed Combat | 4 6 7 |  7.3
Fighting       | |  1.2
Dodging        | |  2.1
Shapeshifting  | |  3.2

Action                     |  1- 3 |  4- 6 || total
---------------------------+-------+-------++-------
  Melee: Unarmed           |    37 |       ||    37
         Dagger            |   113 |    74 ||   187
  Throw: Javelin           |       |     8 ||     8
 Invoke: Sacrifice Experie |     1 |       ||     1
Ability: Hop               |       |     1 ||     1
   Stab: Sleeping          |     3 |     2 ||     5
 Armour: Animal skin       |    71 |    44 ||   115
  Dodge: Dodged            |    87 |    34 ||   121

Table legend: (Time is in decaauts)
 A = Elapsed time spent in this place.
 B = Non-inter-level travel time spent in this place.
 C = Inter-level travel time spent in this place.
 D = Time resting spent in this place.
 E = Time spent auto-exploring this place.
 F = Levels seen in this place.
 G = Mean time per level.
                   A        B        C        D        E       F      G
               +--------+--------+--------+--------+--------+-----+--------+
         Total |   3578 |   3505 |     73 |    620 |   2160 |   4 |  894.5 |
       Dungeon |   3578 |   3505 |     73 |    620 |   2160 |   4 |  894.5 |
               +--------+--------+--------+--------+--------+-----+--------+

Top non-repeatable levels by time:
     D:3: 966 daAuts
     D:1: 956 daAuts
     D:2: 935 daAuts
     D:4: 720 daAuts
